 Dungeon Crawl Stone Soup version 0.30-a0-219-gf2db51d15e (webtiles) character file.

Game seed: 1505270297847954771

4 shadowstone the Insei (level 1, 0/13 HPs)
             Began as an Octopode Transmuter on Oct 7, 2022.
             Slain by a frilled lizard (2 damage)
             ... on level 1 of the Dungeon.
             The game lasted 00:00:35 (125 turns).

shadowstone the Insei (Octopode Transmuter)          Turns: 125, Time: 00:00:37

Health: 0/13       AC:  1    Str:  9    XL:     1   Next: 70%
Magic:  3/3        EV: 13    Int: 15    God:
Gold:   16         SH:  0    Dex: 12    Spells: 3/4 levels left

rFire   . . .      SeeInvis .      - Unarmed
rCold   . . .      Faith    .    (no shield)
rNeg    . . .      Spirit   .    (helmet restricted)
rPois   .          Reflect  .    (no amulet)
rElec   .          Harm     .    (no ring)
rCorr   .          Rampage  .    (no ring)
Will    .....                    (no ring)
Stlth   ++........               (no ring)
HPRegen 0.22/turn                (no ring)
MPRegen 0.08/turn                (no ring)
                                 (no ring)
                                 (no ring)

@: no status effects
A: almost no armour, amphibious, 8 rings, camouflage 1, gelatinous body 1,
(nimble swimmer 1), tentacles
a: no special abilities


You were on level 1 of the Dungeon.
You visited 1 branch of the dungeon, and saw 1 of its levels.

You collected 16 gold pieces.

Inventory:

Scrolls
 b - a scroll of summoning {unknown}
Potions
 a - a potion of lignification


   Skills:
 + Level 1.0 Fighting
 + Level 2.1 Dodging
 + Level 3.1 Unarmed Combat
 + Level 2.0 Spellcasting
 + Level 2.0 Transmutations


You had 3 spell levels left.
You knew the following spells:

 Your Spells              Type           Power      Damage    Failure   Level
a - Beastly Appendage     Tmut           14%        N/A       10%         1

Your spell library contained the following spells:

 Spells                   Type           Power      Damage    Failure   Level
 Wereblood                Tmut           7%         N/A       14%         2
 Spider Form              Tmut/Pois      4%         N/A       41%         3
 Ice Form                 Ice/Tmut       4%         N/A       82%         4


Dungeon Overview and Level Annotations

Branches:
Dungeon (1/15)

Altars:


Innate Abilities, Weirdness & Mutations

You cannot wear most types of armour.
You are amphibious.
You can wear up to eight rings at the same time.
Your skin changes colour to match your surroundings (Stealth+).
Your rubbery body absorbs attacks. (AC +1, EV +1)
((You are camouflaged when in or above water. (Stealth+)))
You have tentacles for arms and can constrict up to eight enemies at once.


Message History

Your transformation is almost over.
The frilled lizard hisses angrily. x3
A frilled lizard comes into view. x2
The frilled lizard hisses angrily.
Found a potion of lignification.
A rat comes into view.
The frilled lizard hisses angrily.
You tentacle-slap the frilled lizard.
You kill the frilled lizard!
You miss the frilled lizard. Your grab misses the frilled lizard.
You pierce the frilled lizard, but do no damage.
The frilled lizard closely misses you. The frilled lizard bites you.
You tentacle-slap the frilled lizard.
You kill the frilled lizard!
The frilled lizard barely misses you.
The frilled lizard completely misses you.
You completely miss the frilled lizard. Your grab misses the frilled lizard.
The frilled lizard barely misses you. The frilled lizard misses you.
The frilled lizard barely misses you.
You barely miss the frilled lizard. Your grab misses the frilled lizard.
Your tentacle spike misses the frilled lizard.
The frilled lizard misses you.
The frilled lizard bites you but does no damage.
You barely miss the frilled lizard. Your grab misses the frilled lizard.
Your squeeze misses the frilled lizard.
The frilled lizard bites you but does no damage.
The frilled lizard barely misses you. The frilled lizard bites you.
You tentacle-slap the frilled lizard.
You kill the frilled lizard!
The frilled lizard misses you. The frilled lizard bites you. x2
* * * LOW HITPOINT WARNING * * *
You tentacle-slap the rat.
You kill the rat!
Your tentacle spike disappears.
The frilled lizard bites you.
* * * LOW HITPOINT WARNING * * *
The frilled lizard misses you. The frilled lizard closely misses you.
Found 5 stones.
The frilled lizard barely misses you. x2
The frilled lizard bites you.
You die...

..(.~~....
##.~~~~~..###
...~~~~~..#.# .#......
#.~~~~~....# .........
#.~~~~~....#.##........
#..~~~...!.. #.... ...
#.......# #...###..
#..l@l# #..##.##.
#....l### #..#...#.
####....# #..'.<.+.
#.##.## #..#...#.
#.##..# #..##.##.
#.###.# #...###.. #.#
#.####........ ..#
#...##........ ###
###...........


You could see 3 frilled lizards.

Vanquished Creatures
  An endoplasm (D:1)
  3 frilled lizards (D:1)
  A kobold (D:1)
  A rat (D:1)
6 creatures vanquished.

Notes
Turn   | Place    | Note
-------+----------+-------------------------------------------
     0 | D:1      | shadowstone the Octopode Transmuter began the quest for the
                  | Orb.
     0 | D:1      | Reached XP level 1. HP: 13/13 MP: 3/3
   125 | D:1      | Slain by a frilled lizard

Illustrated notes

Levels and vault maps discovered:
D:1:      dpeg_arrival_shelter, layout_basic, grunt_decor_fettered, st_stairs_1,
          minmay_lizard_pond

Action                   || total
-------------------------++-------
Melee: Unarmed           ||    11
       Kick              ||     1
 Cast: Beastly Appendage ||     2
Armor: Skin              ||     2
Dodge: Dodged            ||    14

Table legend: (Time is in decaauts)
 A = Elapsed time spent in this place.
 B = Non-inter-level travel time spent in this place.
 C = Inter-level travel time spent in this place.
 D = Time resting spent in this place.
 E = Time spent auto-exploring this place.
 F = Levels seen in this place.
 G = Mean time per level.
                   A        B        C        D        E       F      G
               +--------+--------+--------+--------+--------+-----+--------+
         Total |    124 |    124 |      0 |      0 |      0 |   1 |  124.0 |
       Dungeon |    124 |    124 |      0 |      0 |      0 |   1 |  124.0 |
               +--------+--------+--------+--------+--------+-----+--------+

Top non-repeatable levels by time:
     D:1: 124 daAuts
